 Dungeon Crawl Stone Soup version 0.30-a0-528-g8c47a4955b (webtiles) character file.

Game seed: 12721433876283558169

505030 spirosbanana the Axe Maniac (level 23, -24/240 HPs)
             Began as a Minotaur Berserker on Dec 23, 2022.
             Was the Champion of Trog.
             Killed from afar by an orb of fire (38 damage)
             ... with a fireball
             ... on level 5 of the Realm of Zot.
             The game lasted 03:46:41 (84055 turns).

spirosbanana the Axe Maniac (Minotaur Berserker)   Turns: 84055, Time: 03:46:42

Health: -24/240    AC: 41    Str: 30 (32) XL:     23   Next: 82%
Magic:  9/9        EV: 21    Int:  1 (3)  God:    Trog [******]
Gold:   2707       SH:  0    Dex: 15 (18) Spells: 22/22 levels left

rFire   . . .      SeeInvis .    x - +9 executioner's axe (antimagic)
rCold   + + .      Faith    .    (shield currently unavailable)
rNeg    . . .      Spirit   .    I - +7 plate armour {rC+}
rPois   +          Reflect  .    (helmet restricted)
rElec   .          Harm     .    m - scarf {rC+ rF+}
rCorr   .          Rampage  .    G - +2 pair of gloves {hurl}
Will    +++..      Rage     3%   H - +2 pair of boots {Stlth+}
Stlth   +                        p - amulet of the acrobat
HPRegen 2.40/turn                X - +4 ring of evasion
MPRegen 0.11/turn                Y - ring "Lics" {rPois MP+9 AC+4 Str+4}

@: mighty, strong-willed, on berserk cooldown, contaminated, regenerating,
slowed, glowing, studying Maces & Flails, unable to drink, very slow
A: horns 2, retaliatory headbutt, agile 1, berserk 1, low MP 1, poison
resistance, regeneration 1, no potion heal 1, heat vulnerability 1
}: 3/15 runes: serpentine, barnacled, silver
a: Renounce Religion, Berserk, Trog's Hand, Brothers in Arms


You were on level 5 of the Realm of Zot.
You worshipped Trog.
Trog was exalted by your worship.
You visited 8 branches of the dungeon, and saw 43 of its levels.
You visited the Abyss 1 time.
You visited 2 bazaars.
You also visited: Bailey.

You collected 4516 gold pieces.
You spent 1809 gold pieces at shops.

Inventory:

Hand Weapons
 x - a +9 antimagic executioner's axe (weapon)
Armour
 m - a scarf of resistance (worn)
 q - the +1 cloak "Archutt" {rPois rF++}
   (You found it on level 6 of the Dungeon)

   rF:        It greatly protects you from fire.
   rPois:     It protects you from poison.
 G - a +2 pair of gloves of hurling (worn)
 H - a +2 pair of boots of stealth (worn)
 I - a +7 plate armour of cold resistance (worn)
Jewellery
 p - an amulet of the acrobat (around neck)
 s - an amulet of reflection
 w - an amulet of regeneration
 C - the ring "Avvennai" {rC- Will+ Str+2 Int+6 SInv}
   (You took it off a yaktaur captain on level 5 of the Vaults)

   [ring of intelligence]

   Str:       It affects your strength (+2).
   Int:       It affects your intelligence (+6).
   rC:        It makes you vulnerable to cold.
   SInv:      It lets you see invisible.
   Will:      It increases your willpower.
 F - a ring of positive energy
 N - a ring of see invisible
 O - a ring of willpower
 P - a ring of flight
 W - a +6 ring of dexterity
 X - a +4 ring of evasion (left hand)
 Y - the ring "Lics" (right hand) {rPois MP+9 AC+4 Str+4}
   (You bought it in a shop in a bazaar)

   [ring of protection]

   AC:        It affects your AC (+4).
   Str:       It affects your strength (+4).
   rPois:     It protects you from poison.
   MP:        It affects your magic capacity (+9).
 Z - a ring of resist corrosion
Wands
 c - a wand of light (23)
 j - a wand of polymorph (10)
 v - a wand of flame (17)
 A - a wand of charming (20)
 J - a wand of roots (19)
 M - a wand of digging (11)
Scrolls
 g - 5 scrolls of fear
 o - 7 scrolls of fog
 t - 2 scrolls of blinking
 y - 9 scrolls of poison
 B - 23 scrolls of teleportation
 D - a scroll of enchant weapon
 L - 2 scrolls of silence
 S - 28 scrolls of identify
 T - 3 scrolls of brand weapon
 U - 3 scrolls of magic mapping
Potions
 a - a potion of magic
 b - 15 potions of lignification
 d - 3 potions of invisibility
 e - 6 potions of haste
 f - 2 potions of ambrosia (quivered)
 h - 9 potions of flight
 i - 9 potions of might
 k - 8 potions of heal wounds
 l - 12 potions of curing
 n - 6 potions of mutation
 u - 3 potions of cancellation
 z - 2 potions of resistance
 Q - 7 potions of attraction
 R - 4 potions of berserk rage
Miscellaneous
 r - a tin of tremorstones (2/2)
 E - a phial of floods


   Skills:
 O Level 27 Fighting
 O Level 27 Axes
 + Level 0.5 Throwing
 O Level 27 Armour
 + Level 17.9 Dodging
 + Level 9.5 Stealth
 + Level 1.5 Unarmed Combat
 + Level 8.8 Evocations


You had 22 spell levels left.
You didn't know any spells.
Your spell library was empty.

Dungeon Overview and Level Annotations

Branches:
Dungeon (15/15)            Temple (0/1) D:4            Lair (5/5) D:9
 Shoals (4/4) Lair:3        Snake (4/4) Lair:3        Slime (0/5) Lair:4
    Orc (2/2) D:10            Elf (0/3) Orc:2        Vaults (5/5) D:13
  Crypt (0/3) Vaults:3     Depths (4/4) D:15            Zot (5/5) Depths:4
 Bailey (visited)

Altars:
Ashenzari
Elyvilon
Fedhas
Gozag
Hepliaklqana
Kikubaaqudgha
Nemelex Xobeh
Okawaru
Qazlal
Ru
Sif Muna
Trog
Yredelemnul
Zin
The Shining One
Jiyva

Shops:
D:1 [   D:8 *   D:9 :*   D:10 *   D:12 *   D:14 **   Orc:2 [*([=[   Shoals:2 [
Shoals:4 =   Snake:1 =   Vaults:4 *   Vaults:5 ?!   Depths:1 *(!

Portals:
Hell: Depths:1 Depths:4
Abyss: Depths:2 Depths:3
Ziggurat: Depths:2

Annotations:
Vaults:1 3 runed translucent doors, Xehocikh's ghost, adept DjFE


Innate Abilities, Weirdness & Mutations

You have a pair of horns on your head.
You reflexively headbutt those who attack you in melee.
You are agile. (Dex +4, Str/Int -1)
You sometimes lose your temper in combat.
Your magical capacity is low. (-10% MP)
Your system is resistant to poisons. (rPois)
Your natural rate of healing is unusually fast.
Potions are less effective at restoring your health.
You are vulnerable to heat. (rF-)


Message History

You feel sick.
Your skin crawls.
You feel strong-willed.
You feel sick.
The orb of fire glows yellow.
The bolt of fire misses you.
The Killer Klown does a somersault.
The Killer Klown blinks!
Press: ? - help, . - travel You can't see that place. [the floor.] Blink to where?
Press: ? - help, Dir - move target
As you read the scroll of blinking, it crumbles to dust.
You feel sick.
You are no longer poisoned.
The orb of fire glows bright magenta.
Strange energies course through your body.
Your system partially rejects the healing effects of potions.
Blink to where?
Press: ? - help, Dir - move target
As you read the scroll of blinking, it crumbles to dust.
The orb of fire glows bright magenta.
Strange energies course through your body.
You feel less energetic.
The orb of fire glows bright magenta.
The bolt of fire misses you.
The orb of fire glows red.
The bolt of fire hits you!! You resist.
* * * LOW HITPOINT WARNING * * *
The Killer Klown pies you viciously! The klown pie misses you.
Your body shudders with the violent release of wild energies!
You feel vulnerable to heat.
Blink to where?
Press: ? - help, Dir - move target
As you read the scroll of blinking, it crumbles to dust.
The orb of fire emits a lurid red light.
The fireball explodes!
The fireball engulfs you!!!
You die...

........#####.....#.#.#.#....#...
......^.....#.......#...#?..⌠#...
........#...#...#...#...#........
............#....................
....#.#.#####.^...##.###.##......
##..#.......#....#........##.....
⌠...#...#...#...#...^......##....
....#.......##..#..*........#....
....#.....#..###@###..#.....#..##
....#...........#..##.......#..#
....##......^...#...#.*.#...#..##
.....##........#....#.......#....
......##.###.##...^.####..#.#....
....................#....p.......
.#......#...#...#...#...#........
.#......#..(#.......#............
.#......#.#.#.#.....####.........


You could see an orb of fire.

Vanquished Creatures
  3 dread liches (Vaults:5)
  Boris (Depths:3)
  Vashnia (Snake:2)
  Bai Suzhen (Vaults:4)
  A Killer Klown (Zot:5)
  A curse toe (Zot:4)
  Saint Roka (Snake:3)
  2 golden dragons
  Nikola (Shoals:3)
  13 tentacled monstrosities
  3 liches
  Mlioglotl (Snake:2)
  7 Orb Guardians (Zot:5)
  2 quicksilver dragons
  5 titans (Vaults:5)
  9 death cobs
  5 sphinxes
  Polyphemus (Shoals:4)
  5 tengu reavers
  6 shadow dragons
  2 tentacled starspawn (Abyss:2)
  5 storm dragons
  The ghost of Tuffe the Warrior, an adept FoFi of Okawaru (Snake:1)
  7 fire giants
  Ilsuiw (Shoals:3)
  Kirke (D:13)
  4 nagarajas
  A daeva (Depths:3)
  4 draconian knights
  5 draconian monks
  The ghost of Romunoh the Fetichist, an adept SpBr of Gozag (Snake:2)
  2 deep elf sorcerers (Vaults:5)
  2 frost giants (Vaults:5)
  Aizul (Snake:4)
  An iron dragon (Vaults:5)
  A balrug (Depths:3)
  A ghost moth (shapeshifter) (Vaults:4)
  23 vault wardens
  3 draconian shifters
  Louise (Snake:4)
  2 orc warlords
  2 draconian scorchers (Zot:4)
  3 ghost moths (Zot:4)
  3 draconian stormcallers
  19 ironbound preservers
  2 draconian annihilators
  14 stone giants
  3 war gargoyles
  2 spriggan defenders (Depths:2)
  9 ironbound thunderhulks
  32 very ugly things
  A vampire knight (Depths:3)
  5 green draconians
  10 black draconians
  A deep elf demonologist (Vaults:4)
  3 red draconians
  7 purple draconians
  5 dire elephants
  6 yellow draconians
  A blizzard demon (Depths:1)
  10 white draconians
  Josephine (Orc:2)
  2 merfolk javelineers (Shoals:4)
  A deep elf death mage (Vaults:1)
  5 merfolk impalers
  A deep elf high priest (Vaults:3)
  12 ettins
  8 fire dragons
  An entropy weaver (Vaults:2)
  7 ice dragons
  35 vault guards
  3 hydras
  7 rakshasas
  12 yaktaur captains
  2 spriggan air magi (Depths:2)
  7 great orbs of eyes
  3 salamander tyrants (Snake:4)
  3 catoblepae
  A merfolk avatar (Shoals:2)
  14 anacondas
  7 merfolk aquamancers
  3 peacekeepers
  12 centaur warriors
  11 ironbound frosthearts
  2 ogre magi (D:15)
  5 boulder beetles
  11 two-headed ogres
  2 satyrs
  An anaconda (shapeshifter) (Vaults:5)
  4 tengu warriors
  The ghost of NoAnimeNoLife the Nimble, a journeyman KoBr of Uskayaw (D:10)
  16 death yaks
  2 deep troll shamans
  15 naga warriors
  A titan zombie (Vaults:5)
  4 deep troll earth magi
  3 vampire magi
  7 shock serpents
  17 naga sharpshooters
  4 soul eaters (Depths:3)
  10 hell knights
  An orc high priest (Orc:2)
  2 sun demons (Depths:3)
  The ghost of Chingon the Trooper, a novice DsMo of Wu Jian (D:7)
  4 skeletal warriors
  4 salamander mystics
  Amaemon (Lair:1)
  A fire crab (Lair:4)
  2 iron trolls
  A sea snake (shapeshifter) (Vaults:4)
  4 bog bodies (Shoals:1)
  10 sea snakes
  A deep troll (shapeshifter) (Vaults:5)
  A glowing orange brain (shapeshifter) (Vaults:5)
  4 naga ritualists
  2 glowing orange brains
  61 deep trolls
  29 harpies
  7 phantasmal warriors
  11 wizards
  25 ironbound convokers
  A harpy (shapeshifter) (Vaults:5)
  2 deep elf pyromancers
  A tengu zombie (Vaults:2)
  5 lindwurms
  12 mana vipers
  7 orc knights
  6 orc sorcerers
  5 necromancers
  11 cyclopes
  64 ugly things
  21 salamanders
  A wolf spider (D:10)
  A shining eye (shapeshifter) (Depths:2)
  20 moths of wrath
  A manticore (shapeshifter) (Depths:2)
  An iron dragon skeleton (Vaults:5)
  A stone giant skeleton (Vaults:2)
  A centaur zombie (D:15)
  A worldbinder (Abyss:2)
  11 elephants
  20 manticores
  5 guardian serpents
  9 merfolk sirens
  5 water nymphs
  34 black mambas
  2 torpor snails (shapeshifter) (Vaults:5)
  12 vault sentinels
  25 naga magi
  An eye of devastation (shapeshifter) (Depths:4)
  3 smoke demons (Depths:3)
  2 centaur skeletons (D:15)
  An orange demon (Lair:1)
  A gargoyle (D:12)
  An unseen horror (D:13)
  2 kobold demonologists (D:11)
  A torpor snail (Lair:4)
  An efreet (D:15)
  3 rime drakes
  A rime drake (shapeshifter) (D:14)
  9 cane toads
  4 tengu conjurers
  4 komodo dragons
  27 yaktaurs
  2 freezing wraiths
  A hellwing (Abyss:2)
  3 polar bears
  3 meliai (D:13)
  25 merfolk
  4 trolls
  11 wind drakes
  3 hornets (Depths:2)
  A slime creature (shapeshifter) (Depths:4)
  14 dream sheep
  An ettin zombie (Vaults:5)
  31 slime creatures
  3 centaur simulacra (D:12)
  9 spriggans
  A flying skull (Vaults:3)
  6 snapping turtles
  18 water elementals
  A vampire (D:10)
  A culicivora (shapeshifter) (Vaults:5)
  Sigmund (D:4)
  2 shadows (D:13)
  8 wyverns
  3 fire bats (Orc:1)
  6 hogs
  7 wraiths
  53 yaks
  2 redbacks (Vaults:2)
  5 vampire mosquitoes
  3 steam dragons
  2 redbacks (shapeshifter)
  7 basilisks
  2 chaos spawn (Abyss:2)
  7 wargs
  53 nagas
  2 acid dragons
  A large abomination (Abyss:2)
  26 water moccasins
  A human simulacrum (Vaults:5)
  7 black bears
  An ogre skeleton (Vaults:5)
  37 orc warriors
  A swamp drake (D:10)
  An ice beast (D:4)
  8 ogres
  24 wolves
  6 centaurs
  7 boggarts
  3 kobold brigands
  6 bullfrogs
  3 necrophages
  A human skeleton (Vaults:2)
  3 scorpions
  A small abomination (Abyss:2)
  5 wights (D:7)
  15 killer bees
  2 vampire bats (Orc:1)
  3 howler monkeys
  A jelly (Lair:4)
  11 orc priests
  2 hounds
  3 gnoll boudas
  18 orc wizards
  Natasha (D:3)
  2 iguanas
  5 adders
  17 gnolls
  5 white imps
  4 ufetubi
  A worm (D:2)
  A dart slug (D:5)
  87 orcs
  9 bats
  10 endoplasms
  3 giant cockroaches
  8 goblins
  6 hobgoblins
  9 jackals
  6 quokkas
  5 ball pythons
  2 frilled lizards
  16 kobolds
  12 rats
  A bush (D:5)
  2 butterflies
  3 plants
  5 starspawn tentacles (Abyss:2)
1775 creatures vanquished.

Vanquished Creatures (others)
  A vault guard (Vaults:5)
  2 fauns (Shoals:3)
  A moth of wrath (Zot:2)
  A water nymph (Shoals:4)
  A shadow (D:12)
  An orc wizard (D:11)
  46 fungi
  121 plants
  3 starspawn tentacles (Abyss:2)
  3 withered plants
180 creatures vanquished.

Grand Total: 1955 creatures vanquished

Notes
Turn   | Place    | Note
-------+----------+-------------------------------------------
     0 | D:1      | spirosbanana the Minotaur Berserker began the quest for the
                  | Orb.
     0 | D:1      | Reached XP level 1. HP: 19/19 MP: 0/0
   225 | D:1      | Reached XP level 2. HP: 18/27 MP: 1/1
   419 | D:1      | Found Wageneuz's Armour Shop.
   777 | D:1      | Reached XP level 3. HP: 32/33 MP: 2/2
  1420 | D:2      | Reached ** piety under Trog
  2442 | D:2      | Reached XP level 4. HP: 41/41 MP: 3/3
  3145 | D:3      | Reached skill level 5 in Axes
  3582 | D:3      | Noticed a black bear
  3594 | D:3      | Killed a black bear
  3595 | D:3      | Reached skill level 5 in Fighting
  3595 | D:3      | Reached XP level 5. HP: 36/48 MP: 4/4
  3744 | D:3      | Found an ancient bone altar of Kikubaaqudgha.
  3752 | D:3      | Noticed Natasha
  3773 | D:3      | Killed Natasha
  4457 | D:4      | Noticed a black bear
  4461 | D:4      | Killed a black bear
  4462 | D:4      | Reached XP level 6. HP: 53/56 MP: 5/5
  4509 | D:4      | Found a glowing silver altar of Zin.
  4528 | D:4      | Found a shimmering blue altar of Sif Muna.
  4697 | D:4      | Noticed an ice beast
  4709 | D:4      | Killed an ice beast
  4826 | D:4      | Noticed Sigmund
  4836 | D:4      | Reached *** piety under Trog
  4839 | D:4      | Reached XP level 7. HP: 61/61 MP: 6/6
  4844 | D:4      | Reached skill level 5 in Armour
  4879 | D:4      | Killed Sigmund
  5321 | D:4      | Found a staircase to the Ecumenical Temple.
  5397 | D:4      | Found a hazy altar of Hepliaklqana.
  5436 | D:5      | Entered Level 5 of the Dungeon
  5500 | D:5      | Noticed a steam dragon
  5512 | D:5      | Killed a steam dragon
  5960 | D:5      | Reached XP level 8. HP: 67/70 MP: 7/7
  6685 | D:5      | Found a stormy altar of Qazlal.
  6687 | D:5      | Found an iron altar of Okawaru.
  6687 | D:5      | Found a white marble altar of Elyvilon.
  6700 | D:5      | Found a broken altar of Ashenzari.
  6703 | D:5      | Found a blossoming altar of Fedhas.
  6983 | D:6      | Reached skill level 1 in Stealth
  7034 | D:6      | Found a basalt altar of Yredelemnul.
  7040 | D:6      | Identified the +1 cloak "Archutt" {rPois rF++}
  7133 | D:6      | Found a bloodstained altar of Trog.
  7153 | D:6      | Reached skill level 10 in Axes
  7184 | D:6      | Reached XP level 9. HP: 79/79 MP: 8/8
  8060 | D:7      | Noticed a two-headed ogre
  8071 | D:7      | HP: 2/79 [two-headed ogre/+0 dire flail (24)]
  8072 | D:7      | Killed a two-headed ogre
  8075 | D:7      | Reached **** piety under Trog
  8827 | D:7      | Reached skill level 10 in Armour
  8913 | D:7      | Found a runed translucent door.
  9219 | D:7      | Noticed Chingon's ghost (novice DsMo)
  9233 | D:7      | Killed Chingon's ghost
  9234 | D:7      | Reached XP level 10. HP: 88/88 MP: 9/9
  9397 | D:8      | Found Foej's Assorted Antiques.
 10406 | D:8      | Identified a scroll of acquirement
 10407 | D:8      | Acquired a manual of Axes
 11915 | D:8      | Gained mutation: You are agile. (Dex +4, Str/Int -1)
                  | [potion of mutation]
 11915 | D:8      | Gained mutation: Your system is resistant to poisons.
                  | (rPois) [potion of mutation]
 11915 | D:8      | Gained mutation: Your natural rate of healing is unusually
                  | fast. [potion of mutation]
 12351 | D:9      | Found Solide's Book Shoppe.
 12436 | D:9      | Found a staircase to the Lair.
 12726 | D:9      | Found Picux's Assorted Antiques.
 12824 | D:9      | Noticed a two-headed ogre
 12835 | D:9      | Killed a two-headed ogre
 12836 | D:9      | Reached skill level 15 in Axes
 12977 | D:9      | Found a flagged portal.
 12983 | Bailey   | Entered a bailey
 13130 | Bailey   | Reached ***** piety under Trog
 13303 | Bailey   | Reached XP level 11. HP: 89/97 MP: 10/10
 13744 | D:10     | Entered Level 10 of the Dungeon
 13927 | D:10     | Found a runed translucent gate.
 13928 | D:10     | Found a runed translucent gate.
 13928 | D:10     | Found an opulent altar of Gozag.
 13936 | D:10     | Found a runed translucent gate.
 13937 | D:10     | Found Beisuw's Assorted Antiques.
 13937 | D:10     | Noticed a wolf spider
 13938 | D:10     | Noticed NoAnimeNoLife's ghost (journeyman KoBr)
 14276 | D:10     | Reached skill level 10 in Fighting
 14549 | D:10     | Identified the +1 robe of Hepliaklqana's Grace {Rampage}
 14663 | D:10     | Received a gift from Trog
 14736 | D:10     | Found a staircase to the Orcish Mines.
 15237 | D:11     | Noticed a two-headed ogre
 15245 | D:11     | Killed a two-headed ogre
 16150 | D:11     | Noticed a brown ugly thing
 16159 | D:11     | Killed a brown ugly thing
 16818 | D:12     | Noticed a boulder beetle
 16818 | D:12     | Noticed a boulder beetle
 16850 | D:11     | Killed a boulder beetle
 17198 | D:11     | Killed a boulder beetle
 17318 | D:11     | Reached skill level 1 in Unarmed Combat
 17790 | D:12     | Reached XP level 12. HP: 110/110 MP: 3/11
 18479 | D:12     | Found Zelikku's Gadget Gallery.
 19236 | D:12     | Noticed a boulder beetle
 19246 | D:12     | Killed a boulder beetle
 19655 | D:13     | Noticed a centaur warrior
 19664 | D:13     | Killed a centaur warrior
 19974 | D:13     | Noticed Kirke
 19982 | D:13     | Noticed a sphinx
 20511 | D:13     | Noticed a centaur warrior
 20515 | D:13     | Noticed a five-headed hydra
 20531 | D:14     | Killed a centaur warrior
 20553 | D:14     | Killed a ten-headed hydra
 20649 | D:13     | Noticed an ironbound preserver
 20687 | D:13     | Killed an ironbound preserver
 20688 | D:13     | Reached XP level 13. HP: 118/118 MP: 4/12
 20878 | D:13     | Killed Kirke
 20878 | D:13     | Received a gift from Trog
 21303 | D:13     | Found a gate to the Vaults.
 21902 | Lair:1   | Entered Level 1 of the Lair of Beasts
 22544 | Lair:1   | Noticed Amaemon
 22552 | Lair:1   | Killed Amaemon
 23467 | Lair:2   | Reached skill level 1 in Evocations
 23932 | Lair:2   | Identified the +0 pair of boots of Huexuy Ulan {Str+3}
 23933 | Lair:2   | Identified the +1 robe of Wappex {Fly rPois rCorr}
 25965 | Lair:3   | Found a staircase to the Shoals.
 25984 | Lair:3   | Reached skill level 15 in Armour
 26131 | Lair:3   | Identified the +6 hand axe of Starshine {vorpal, Drain
                  | rF++} (Trog gifted it to you on level 3 of the Lair of
                  | Beasts)
 26131 | Lair:3   | Received a gift from Trog
 26261 | Lair:3   | Found a staircase to the Snake Pit.
 26450 | Lair:3   | Reached XP level 14. HP: 123/130 MP: 4/13
 26741 | Shoals:1 | Entered Level 1 of the Shoals
 26942 | Snake:1  | Entered Level 1 of the Snake Pit
 27167 | Snake:1  | Found Kiewnoq's Jewellery Emporium.
 27899 | Snake:1  | Found a runed translucent door.
 27899 | Snake:1  | Noticed Tuffe's ghost (adept FoFi)
 29941 | Lair:4   | Found a runed translucent door.
 29941 | Lair:4   | Found a viscous altar of Jiyva.
 29942 | Lair:4   | Found a staircase to the Slime Pits.
 30200 | Lair:4   | Identified the +0 ring mail of the Earth {Slay+2 SInv}
 30261 | Lair:5   | Entered Level 5 of the Lair of Beasts
 30335 | Lair:5   | Reached skill level 15 in Fighting
 30473 | Lair:5   | Identified the +3 short sword "Jocacor" {vorpal, +Blink
                  | Dex+4 Stlth+}
 31380 | Lair:5   | Reached XP level 15. HP: 141/141 MP: 4/14
 32015 | D:10     | Killed NoAnimeNoLife's ghost
 32166 | Orc:1    | Entered Level 1 of the Orcish Mines
 32269 | Orc:1    | Reached ****** piety under Trog
 32289 | Orc:1    | Found a dark tunnel.
 32351 | Orc:2    | Entered Level 2 of the Orcish Mines
 32529 | Orc:2    | Noticed Josephine
 32544 | Orc:2    | Killed Josephine
 32677 | Orc:2    | Found Femmeqan's Antique Armour Shoppe.
 33002 | Orc:2    | Found Omevvirr's General Store.
 33030 | Orc:2    | Found Deto's Antique Armour Shop.
 33126 | Orc:2    | Found Pugedoo's Jewellery Emporium.
 33132 | Orc:2    | Bought a +4 ring of evasion for 468 gold pieces
 33141 | Orc:2    | Found Fesul's Antique Armour Emporium.
 33160 | Orc:2    | Found a staircase to the Elven Halls.
 33207 | Orc:2    | Found Zodufry's Antique Weapon Emporium.
 33332 | Orc:1    | Received a gift from Trog
 35150 | D:14     | Found a gateway to a bazaar.
 35358 | D:14     | Found Geedi's General Store.
 35371 | D:14     | Found Qoos's Specific Store.
 35921 | Bazaar   | Entered a bazaar
 35945 | Bazaar   | Found Nauhiatad's Distillery.
 35956 | Bazaar   | Found Ebacod's Weapon Emporium.
 35977 | Bazaar   | Found Yngemoypt's Magic Scroll Shoppe.
 36008 | Bazaar   | Found Kiuxih's Distillery.
 36030 | Bazaar   | Found Naemiuwk's Jewellery Emporium.
 36035 | Bazaar   | Bought the ring "Lics" {rPois MP+9 AC+4 Str+4} for 1341
                  | gold pieces
 36123 | D:15     | Entered Level 15 of the Dungeon
 37328 | Abyss:2  | Cast into level 2 of the Abyss (a wizard)
 37394 | Abyss:2  | Noticed a tentacled starspawn
 37395 | Abyss:2  | Noticed a tentacled starspawn
 37401 | Abyss:2  | Noticed a lich
 37404 | Abyss:2  | Killed a tentacled starspawn
 37408 | Abyss:2  | Killed a tentacled starspawn
 37456 | D:15     | Escaped the Abyss
 37463 | D:15     | Reached XP level 16. HP: 157/157 MP: 8/15
 37470 | D:15     | Received a gift from Trog
 38684 | D:15     | Found a staircase to the Depths.
 39135 | Snake:1  | Killed Tuffe's ghost
 39332 | Snake:2  | Found a runed translucent door.
 39334 | Snake:2  | Noticed Romunoh's ghost (adept SpBr)
 39361 | Snake:2  | Noticed Vashnia
 39398 | Snake:2  | Killed Vashnia
 39420 | Snake:2  | Reached skill level 5 in Dodging
 39945 | Snake:2  | Identified the +5 battleaxe of Blood-Lust {antimagic,
                  | *Corrode rElec rF+ Dex+3} (Trog gifted it to you on level 2
                  | of the Snake Pit)
 39945 | Snake:2  | Received a gift from Trog
 40442 | Snake:2  | Noticed Mlioglotl
 40453 | Snake:2  | Killed Mlioglotl
 41268 | Snake:2  | Killed Romunoh's ghost
 41276 | Snake:2  | Identified the +1 sling "Geastrum" {elec, Will+}
 41280 | Snake:2  | Identified the +1 ring mail of the Planets {rCorr}
 42292 | Snake:3  | Received a gift from Trog
 42436 | Snake:3  | Reached XP level 17. HP: 167/169 MP: 8/16
 42851 | Snake:3  | Identified the +5 dagger of the Skies Above {spect, Will+
                  | Str+3}
 43257 | Snake:4  | Entered Level 4 of the Snake Pit
 43796 | Snake:4  | Noticed Louise
 43816 | Snake:4  | Killed Louise
 43844 | Snake:4  | Received a gift from Trog
 45036 | Snake:4  | Noticed Saint Roka
 45274 | Snake:3  | Killed Saint Roka
 45561 | Snake:4  | Noticed Aizul
 45570 | Snake:4  | Killed Aizul
 45571 | Snake:4  | Reached skill level 27 in Axes
 45808 | Snake:4  | Received a gift from Trog
 46133 | Snake:4  | Got a serpentine rune of Zot
 50200 | Shoals:2 | Reached XP level 18. HP: 182/182 MP: 8/17
 50437 | Shoals:2 | Received a gift from Trog
 50566 | Shoals:2 | Found Luuddui's Antique Armour Shop.
 51155 | Shoals:3 | Noticed Nikola
 51199 | Shoals:3 | Killed Nikola
 51199 | Shoals:3 | Noticed Ilsuiw
 53534 | Shoals:3 | Killed Ilsuiw
 53803 | Shoals:4 | Entered Level 4 of the Shoals
 55131 | Shoals:4 | Got a barnacled rune of Zot
 55385 | Shoals:4 | Noticed Polyphemus
 55396 | Shoals:4 | Received a gift from Trog
 55398 | Shoals:4 | Killed Polyphemus
 55504 | Shoals:4 | Found Yhafig's One-of-a-Kind Rings.
 55851 | Shoals:4 | Identified the +5 falchion "Rav Kia" {vorpal, Will+ Int+2}
 55943 | Shoals:4 | Identified the +2 leather armour of Intuition {Regen+}
 56231 | Vaults:1 | Entered Level 1 of the Vaults
 56850 | Vaults:1 | Reached skill level 5 in Stealth
 57384 | Vaults:1 | Reached XP level 19. HP: 192/195 MP: 9/18
 57391 | Vaults:1 | Received a gift from Trog
 57985 | Vaults:1 | Found a runed translucent gate.
 57985 | Vaults:1 | Found a runed translucent gate.
 57985 | Vaults:1 | Found a runed translucent gate.
 57985 | Vaults:1 | Noticed Xehocikh's ghost (adept DjFE)
 57988 | Vaults:1 | Found the +8 lance "Wyrmbane" {slay drac, rPois rF+ rC+
                  | AC+3}
 58667 | Vaults:1 | Found a viscous altar of Jiyva.
 60074 | Vaults:2 | Received a gift from Trog
 61159 | Vaults:3 | Received a gift from Trog
 61446 | Vaults:3 | Found a flickering gateway to a bazaar.
 61466 | Bazaar   | Entered a bazaar
 61468 | Bazaar   | Found Qufoleff's Jewellery Boutique.
 61472 | Bazaar   | Found Iwynyc's Jewellery Boutique.
 61472 | Bazaar   | Found Angeiled's Assorted Antiques.
 61473 | Bazaar   | Found Tuaploen's Distillery.
 61716 | Vaults:3 | Found a staircase to the Crypt.
 62167 | Vaults:3 | Reached XP level 20. HP: 188/213 MP: 9/19
 62438 | Vaults:3 | Paralysed by a sphinx for 5 turns
 62445 | Vaults:3 | Received a gift from Trog
 63874 | Vaults:4 | Reached skill level 27 in Fighting
 64204 | Vaults:4 | Noticed Bai Suzhen
 64225 | Vaults:4 | Killed Bai Suzhen
 64643 | Vaults:4 | Found Omasi's Assorted Antiques.
 65304 | Vaults:4 | Received a gift from Trog
 65454 | Vaults:5 | Entered Level 5 of the Vaults
 65462 | Vaults:4 | Reached skill level 5 in Evocations
 65790 | Depths:1 | Entered Level 1 of the Depths
 66289 | Depths:1 | Found Hisubev's Distillery.
 66300 | Depths:1 | Identified the +2 buckler "Cachyig" {rF+ Str-2 Slay+3}
 66304 | Depths:1 | Found Tyvoosch's Weapon Shoppe.
 66375 | Depths:1 | Reached XP level 21. HP: 190/224 MP: 9/20
 66610 | Depths:1 | Found a sparkling altar of Nemelex Xobeh.
 66657 | Depths:1 | Found Zupt's Assorted Antiques.
 66658 | Depths:1 | Found a gateway to Hell.
 67285 | Depths:2 | Found a one-way gateway to a ziggurat.
 67728 | Depths:2 | Found a one-way gate to the infinite horrors of the Abyss.
 67748 | Depths:2 | Received a gift from Trog
 67985 | Depths:2 | You fall into a shaft and drop 2 floors!
 67985 | Depths:4 | Entered Level 4 of the Depths
 69621 | Depths:3 | Noticed Boris
 69648 | Depths:3 | Killed Boris
 69804 | Depths:3 | Found a glowing golden altar of the Shining One.
 69813 | Depths:3 | Identified the +4 quarterstaff of Geg Xoma {distort, rF++
                  | Str-2 Stlth+}
 70115 | Depths:4 | Received a gift from Trog
 70777 | Depths:4 | Found a gate to the Realm of Zot.
 71207 | Depths:4 | Found a sacrificial altar of Ru.
 71512 | Vaults:5 | Noticed a dread lich
 71520 | Vaults:5 | Reached XP level 22. HP: 233/233 MP: 10/21
 71524 | Vaults:5 | Reached skill level 27 in Armour
 71531 | Vaults:5 | Killed a dread lich
 71532 | Vaults:5 | Received a gift from Trog
 72527 | Vaults:5 | Paralysed by a sphinx for 2 turns
 72533 | Vaults:5 | Reached skill level 10 in Dodging
 73367 | Vaults:5 | Identified the ring "Avvennai" {rC- Will+ Str+2 Int+6 SInv}
 73368 | Vaults:5 | Identified the +10 rapier of Geyres Ihem {freeze, Drain
                  | Int+5}
 75467 | Vaults:5 | Received a gift from Trog
 75800 | Vaults:5 | Found Huxyps's Distillery.
 76521 | Vaults:5 | Noticed a dread lich
 76537 | Vaults:5 | Killed a dread lich
 76573 | Vaults:5 | Noticed a dread lich
 76607 | Vaults:5 | Paralysed by a dread lich for 3 turns
 76616 | Vaults:5 | Killed a dread lich
 77470 | Vaults:5 | Found Zigoq's Magic Scroll Boutique.
 77512 | Vaults:5 | Received a gift from Trog
 77892 | Vaults:5 | Got a silver rune of Zot
 78239 | Zot:1    | Entered Level 1 of the Realm of Zot
 78951 | Zot:1    | Reached XP level 23. HP: 191/240 MP: 10/22
 79388 | Zot:1    | Reached skill level 15 in Dodging
 80794 | Zot:2    | You fall into a shaft and drop 2 floors!
 80945 | Zot:4    | Received a gift from Trog
 81563 | Zot:4    | Noticed a curse toe
 81599 | Zot:4    | Killed a curse toe
 82687 | Zot:5    | Entered Level 5 of the Realm of Zot
 84001 | Zot:5    | Noticed a Killer Klown
 84020 | Zot:5    | Killed a Killer Klown
 84030 | Zot:5    | Noticed a Killer Klown
 84031 | Zot:5    | Received a gift from Trog
 84032 | Zot:5    | Noticed an orb of fire
 84033 | Zot:5    | Noticed a Killer Klown
 84036 | Zot:5    | Noticed a Killer Klown
 84041 | Zot:5    | HP: 12/240 [something (7)]
 84043 | Zot:5    | HP: 3/240 [Killer Klown/+9 club of flaming (9)]
 84043 | Zot:5    | Gained mutation: You sometimes lose your temper in combat.
                  | [mutagenic glow]
 84050 | Zot:5    | Gained mutation: Potions are less effective at restoring
                  | your health. [an orb of fire]
 84052 | Zot:5    | Gained mutation: Your magical capacity is low. (-10% MP)
                  | [an orb of fire]
 84052 | Zot:5    | HP: 4/240 [orb of fire/bolt of fire (25)]
 84053 | Zot:5    | Gained mutation: You are vulnerable to heat. (rF-)
                  | [mutagenic glow]
 84055 | Zot:5    | Killed from afar by an orb of fire

Illustrated notes

Levels and vault maps discovered:
D:1:      onia_arrival_pyramid, layout_basic, serial_shops, shop
D:2:      layout_basic, hex_medium
D:3:      layout_basic, kiku_gazebo_garden_becter, uniq_natasha
D:4:      layout_basic, overflow_temple_1_default,
          mainiacjoe_overflow_six_doors_small, mainiacjoe_overflow_tiny_flanked,
          minmay_temple_entry_enclosed_plants, minmay_crystal_water,
          minmay_misc_feat_four_crosses, nicolae_concentric_dashed_squares_mild,
          uniq_sigmund
D:5:      layout_basic, minmay_overflow_temple_star_hex, minmay_misc_feat_room,
          kb_lookout_dungeons_type
D:6:      layout_basic, mainiacjoe_overflow_cross_hatched, trog_ov_bears_minmay
D:7:      layout_basic, ebering_ghost_reflecting_pool, serial_bayou_lagoon_a
D:8:      layout_loops_ring, serial_shops, shop_statue, serial_co_window_serial,
          co_window_corner_a, co_window_paths_a, co_window_corner_a,
          co_window_paths_b, co_window_paths_b, co_window_2corner,
          co_window_unsneaky_path_e, co_window_broadway_a, co_window_corner_b,
          co_window_corner_b, co_window_2corner, co_window_of_opportunity_b,
          glass_columns_b
D:9:      layout_cave_pools, due_lair_maze_entry_diamond, enter_bailey_3,
          serial_shops, kennysheep_little_box, shop
D:10:     layout_roguey, erik_orc_1, ebering_ghost_gozag
D:11:     layout_basic, gauntlet_entry_generic
D:12:     layout_cave_pods, serial_ice, serial_ice_n, serial_ice_m,
          serial_ice_d, serial_ice_b, portal_ice_cave_entry_pillars_2,
          nicolae_shop_gadgets
D:13:     layout_gridville, skrybe_vaults_entry_preservation, uniq_kirke
D:14:     layout_loops_cross, serial_shops, bzr_entry_islet, roderic_lattice_a,
          nicolae_specific_store
D:15:     grunt_enter_depths_magical_seal, layout_irregular_city,
          chequers_serial_rivers_micro_b
Lair:1:   layout_regular_city, uniq_amaemon
Lair:2:   dragon1_lemuel, layout_cellular_growth, wad_woods_01,
          lemuel_fruit_fields
Lair:3:   layout_hall_layers, minmay_shoals_entry_beasts,
          minmay_snake_entry_six_corridors, nicolae_quartered_pool_medium,
          infiniplex_staircase_pool_2
Lair:4:   layout_hall_layers, slime_entry_2, hibernation_bobbens,
          lemuel_fruit_fields, grunt_megastairs_1, serial_bayou_shore_b
Lair:5:   grunt_lair_end_beastmaster, layout_cave_pods, lookout_lair_type,
          lemuel_fruit_fields
Shoals:1: layout_shoals, nicolae_shoals_secluded_bog
Shoals:2: layout_shoals, serial_shops, nicolae_lakefront_shop
Shoals:3: layout_shoals, uniq_nikola, uniq_ilsuiw
Shoals:4: shoals_end_hangedman, layout_shoals, nicolae_shoals_square_sea_wall,
          nicolae_shop_unique_rings, uniq_polyphemus
Snake:1:  layout_gridlike, serial_shops,
          nicolae_shop_competitors_out_of_business,
          hellmonk_ghost_happy_afterlife, grunt_megastairs_3
Snake:2:  cheibrodos_forgotten_conduit, layout_misc_corridors,
          gammafunk_ghost_grave, uniq_mlioglotl, uniq_vashnia
Snake:3:  layout_layer_cave
Snake:4:  grunt_snake_rune_serpentine_throne, layout_cave_town,
          nicolae_snake_gridmaze_big_u, nicolae_snake_guarding_the_ruins,
          uniq_saint_roka, uniq_louise, uniq_aizul
Orc:1:    layout_caves, nicolae_volcano_entry_batcave, roderic_batcave
Orc:2:    grunt_orc_cross, layout_caves, serial_shops, shop, shop,
          uniq_josephine
Vaults:1: gammafunk_ghost_ooze, nicolae_vaults_network_star,
          nicolae_vaults_bisected_inception, hangedman_vaults_nodes, v_misc_3,
          hangedman_vaults_hat, hangedman_vaults_cutoff, v_pattern_2,
          ontoclasm_vaults_hangar, vaults_mumra_lcd, vaults_dpeg_diagonal,
          nicolae_vaults_specimen_jars, layout_vaults_maze_snakey, serial_shops,
          shop
Vaults:2: hangedman_vaults_cutoff, v_misc_5, v_misc_12, v_misc_30, v_misc_11,
          nicolae_vaults_what_the_h, nicolae_vaults_theta, v_alt_pattern_1,
          ontoclasm_vaults_loading_screen, nicolae_vaults_bisected_slash,
          layout_vaults_omnicross
Vaults:3: minmay_crypt_entry_simple_walls, vaults_room_semicircle,
          nicolae_vaults_c_with_doors, dpeg_vaults_monster_row, v_rooms_2,
          vaults_standard_mumra_enter_the_diamond, hangedman_vaults_impose,
          ontoclasm_vaults_hangar, hangedman_vaults_trim, vaults_room_grid,
          v_misc_17, hangedman_vaults_nails, vaults_room_pools,
          vaults_dpeg_emergency_exit, layout_vaults_ring, serial_shops,
          bzr_entry_lakeside
Vaults:4: v_misc_19, v_misc_22, v_rooms_6, nicolae_vaults_big_ls, v_misc_2,
          nicolae_vaults_mini_display_case, grunt_vaults_hallway_short,
          nicolae_vaults_windows_and_doors_thing, vaults_standard_mumra_x,
          layout_vaults_quadrants, serial_shops, nicolae_shop_stone,
          uniq_bai_suzhen
Vaults:5
Depths:1: layout_basic, hangedman_decor_clover_reticule, serial_shops,
          nicolae_shop_overgrown_old_shop, shop,
          nicolae_shop_bloodbath_and_beyond, hangedman_coc_ice_floe,
          nemelex_diamond_rough_becter
Depths:2: grunt_twisty_corner, layout_small_grid, enter_ziggurat_f, pan_entry,
          hell_entry, hangedman_abyss_entry_splay, infiniplex_staircase_zigzag_5
Depths:3: wander_protected_by_tso, layout_cave_shapes, abyss_entry, hellmouth_2,
          mu_enter_wizlab_3, uniq_boris
Depths:4: grunt_zot_entry_tricorne, layout_cave_pools, hangedman_ru_absence,
          hell_entry
Zot:1:    layout_misc_corridors, grunt_megastairs_4
Zot:2:    layout_cathedral_of_symmetry
Zot:4:    nicolae_moth_party, layout_twisted_circle, zot_minivault_3
Zot:5:    layout_basic, hangedman_zot_gyre

Skill      XL: |  1  2  3  4  5  6  7  8  9 10 11 12 13 14 15 16 17 18 19 20 21 22 23 |
---------------+----------------------------------------------------------------------+-----
Fighting       | 4 5 7 8 9 11 12 13 15 17 19 21 23 26 27 | 27.0
Axes           | 4 5 6 7 8 10 12 15 18 21 22 24 25 26 27 | 27.0
Armour         | 3 4 6 8 10 11 13 14 15 16 17 19 20 21 23 26 27 | 27.0
Dodging        | 3 4 5 6 7 8 14 17 | 17.9
Stealth        | 1 2 3 5 7 9 |  9.5
Unarmed Combat | 1 |  1.5
Evocations     | 1 2 3 4 5 6 8 |  8.8
Throwing       | |  0.5

Action                   |  1- 3 |  4- 6 |  7- 9 | 10-12 | 13-15 | 16-18 | 19-21 | 22-24 || total
-------------------------+-------+-------+-------+-------+-------+-------+-------+-------++-------
Melee: Hand axe          |    99 |    86 |    31 |       |       |       |       |       ||   216
       Headbutt          |     9 |    23 |    33 |   113 |   223 |   294 |   313 |   215 ||  1223
       Punch             |     2 |     2 |     3 |     3 |       |       |       |       ||    10
       War axe           |       |       |   178 |   313 |       |       |       |       ||   491
       Executioner's axe |       |       |       |   219 |   868 |  1120 |  1118 |   683 ||  4008
       Unarmed           |       |       |       |    13 |       |       |       |       ||    13
Throw: Throwing net      |       |     1 |     1 |     1 |       |       |       |       ||     3
Invok: Berserk           |       |       |     3 |     1 |     3 |     8 |     3 |     3 ||    21
       Trog's Hand       |       |       |       |       |       |     1 |       |     1 ||     2
Evoke: Wand              |       |       |       |     6 |    28 |    20 |    14 |       ||    68
  Use: Scroll            |     3 |     3 |     4 |    10 |    10 |     5 |     5 |    10 ||    50
       Potion            |       |       |     1 |     1 |       |     6 |     2 |     5 ||    15
 Stab: Distracted        |       |       |       |     1 |     1 |     1 |     1 |       ||     4
       Petrified         |       |       |       |       |       |     8 |       |       ||     8
       Petrifying        |       |       |       |       |       |     2 |       |       ||     2
       Confused          |       |       |       |       |       |       |       |     3 ||     3
Armor: Animal skin       |     7 |       |       |       |       |       |       |       ||     7
       Leather armour    |     2 |       |       |       |       |       |       |       ||     2
       Plate armour      |    40 |    62 |   131 |   390 |   539 |   750 |   583 |   489 ||  2984
       Skin              |       |       |       |     3 |       |       |       |       ||     3
Dodge: Dodged            |    47 |    29 |   124 |   409 |   523 |  1229 |   783 |   854 ||  3998

Table legend: (Time is in decaauts)
 A = Elapsed time spent in this place.
 B = Non-inter-level travel time spent in this place.
 C = Inter-level travel time spent in this place.
 D = Time resting spent in this place.
 E = Time spent auto-exploring this place.
 F = Levels seen in this place.
 G = Mean time per level.
                   A        B        C        D        E       F      G
               +--------+--------+--------+--------+--------+-----+--------+
         Total |  83813 |  78806 |   5007 |  40239 |  23012 |  47 | 1783.3 |
       Dungeon |  26954 |  24806 |   2148 |  12785 |   7835 |  15 | 1796.9 |
          Lair |   8622 |   8115 |    507 |   3889 |   2660 |   5 | 1724.4 |
        Shoals |   9691 |   9344 |    347 |   5787 |   1644 |   4 | 2422.8 |
     Snake Pit |   9053 |   8683 |    370 |   4054 |   2629 |   4 | 2263.2 |
  Orcish Mines |   1868 |   1329 |    539 |    206 |    619 |   2 |  934.0 |
        Vaults |  15318 |  14638 |    680 |   8392 |   3795 |   5 | 3063.6 |
        Depths |   5586 |   5332 |    254 |   2012 |   1957 |   4 | 1396.5 |
           Zot |   5774 |   5614 |    160 |   2900 |   1613 |   4 | 1443.5 |
         Abyss |    130 |    130 |      0 |     11 |      0 |   1 |  130.0 |
        Bazaar |    192 |    192 |      0 |      0 |    140 |   2 |   96.0 |
        Bailey |    621 |    621 |      0 |    200 |    116 |   1 |  621.0 |
               +--------+--------+--------+--------+--------+-----+--------+

Top non-repeatable levels by time:
Vaults:4: 7069 daAuts
Shoals:1: 3413 daAuts
Shoals:2: 3190 daAuts
     D:8: 2964 daAuts
 Snake:4: 2906 daAuts
    D:15: 2738 daAuts
  Lair:2: 2621 daAuts
    D:13: 2608 daAuts
    D:11: 2597 daAuts
  Lair:3: 2354 daAuts
    D:12: 2315 daAuts
Vaults:2: 2242 daAuts
 Snake:3: 2224 daAuts
 Snake:2: 2204 daAuts
Vaults:3: 2085 daAuts
